 Dungeon Crawl Stone Soup version 0.29.0-10-g45618ea6d2 (webtiles) character file.

Game seed: 1503111196928938275

3647 Arum the Thaumaturge (level 10, -2/63 HPs)
             Began as a Formicid Venom Mage on Sept 1, 2022.
             Was a Believer of Vehumet.
             Slain by a worldbinder (8 damage)
             ... on level 1 of the Abyss.
             The game lasted 00:22:04 (12489 turns).

Arum the Thaumaturge (Formicid Venom Mage)         Turns: 12489, Time: 00:22:05

Health: -2/63      AC:  0    Str: 13    XL:     10   Next: 33%
Magic:  27/27      EV: 16    Int: 19    God:    Vehumet [**....]
Gold:   277        SH:  0    Dex: 20    Spells: 19/31 levels left

rFire   . . .      SeeInvis +   r - +7 Screaming Sword {vorpal, sonic wave}
rCold   . . .      Faith    .   (no shield)
rNeg    + + +      Spirit   .   l - +1 robe of Cocyash {*Corrode Drain rPois rN+++}
rPois   +          Reflect  .   (helmet unavailable)
rElec   .          Harm     .   (no cloak)
rCorr   .          Rampage  .   i - +0 pair of gloves
Will    +....                   (no boots)
Stlth   ++........              (no amulet)
HPRegen 0.20/turn               k - +6 ring of dexterity
MPRegen 0.20/turn               m - +4 ring of evasion

@: corroded
A: permanent stasis, dig shafts and tunnels, antennae 3, four strong arms,
talons 1, high MP 1, subdued magic 1
a: Dig, Shaft Self, Renounce Religion


You were on level 1 of the Abyss.
You worshipped Vehumet.
Vehumet was pleased with you.
You visited 2 branches of the dungeon, and saw 9 of its levels.
You visited the Abyss 1 time.

You collected 453 gold pieces.
You spent 176 gold pieces at shops.

Inventory:

Hand Weapons
 e - a +2 dagger of speed
 r - the +7 Screaming Sword (weapon) {vorpal, sonic wave}
   (You found it on level 5 of the Dungeon)

   It inflicts extra damage upon your enemies.
   It radiates damaging sonic waves as it strikes, especially in combat
   involving dangerous or numerous foes.
Missiles
 n - 3 javelins
Armour
 a - a +0 robe
 i - a +0 pair of gloves (worn)
 l - the +1 robe of Cocyash (worn) {*Corrode Drain rPois rN+++}
   (You bought it in a shop on level 5 of the Dungeon)

   rPois:     It protects you from poison.
   rN:        It renders you almost immune to negative energy.
   *Corrode:  It may corrode you when you take damage.
   Drain:     It drains your maximum health when unequipped.
 u - the +1 ring mail of Free Expression {Will++}
   (You found it on level 6 of the Dungeon)

   Will:      It greatly increases your willpower.
Jewellery
 k - a +6 ring of dexterity (left hand)
 m - a +4 ring of evasion (right hand)
 C - a +6 ring of intelligence
Wands
 c - a wand of charming (14)
 o - a wand of light (19)
 p - a wand of roots (10)
 q - a wand of mindburst (11)
 z - a wand of flame (35)
Scrolls
 g - 3 scrolls of poison
 h - 2 scrolls of noise
 t - a scroll of magic mapping {unknown}
 v - a scroll of brand weapon {unknown}
 w - a scroll of fear {unknown}
 y - a scroll of identify
 A - a scroll of enchant weapon {unknown}
 B - a scroll of enchant armour {unknown}
Potions
 b - 3 potions of magic
 d - 2 potions of ambrosia
 f - a potion of flight
 j - 2 potions of attraction
 s - a potion of cancellation
 x - a potion of heal wounds


   Skills:
 - Level 1.7 Dodging
 - Level 2.4 Stealth
 * Level 11.2 Spellcasting
 + Level 6.6 Conjurations
 - Level 1.1 Transmutations
 - Level 8.0 Poison Magic


You had 19 spell levels left.
You knew the following spells:

 Your Spells              Type           Power      Damage    Failure   Level
a - Sting                 Tmut/Pois      84%        1d7       1%          1
b - Mephitic Cloud        Conj/Pois/Air  22%        N/A       1%          3
c - Poisonous Vapours     Pois/Air       38%        N/A       1%          2
d - Olgreb's Toxic Radia  Pois           31%        N/A       1%          4
e - Searing Ray           Conj           54%        2d6       1%          2

Your spell library contained the following spells:

 Spells                   Type           Power      Damage    Failure   Level
 Passwall                 Tmut/Erth      7%         N/A       6%          2
 Ensorcelled Hibernation  Hex/Ice        16%        N/A       8%          2
 Tukima's Dance           Hex            8%         N/A       17%         3
 Passage of Golubria      Tloc           8%         N/A       50%         4
 Yara's Violent Unravell  Hex/Tmut       4%         3d4       78%         5
 Swiftness                Air            Unusable   N/A       N/A         3

Dungeon Overview and Level Annotations

Branches:
Dungeon (8/15)             Temple (1/1) D:4
   Lair: D:8-11

Altars:
Ashenzari
Dithmenos
Fedhas
Gozag
Hepliaklqana
Kikubaaqudgha
Nemelex Xobeh
Okawaru
Qazlal
Ru
Trog
Uskayaw
Vehumet
Wu Jian
Xom
Yredelemnul
Zin
The Shining One

Shops:
D:5 *

Annotations:
D:8 Psyche


Innate Abilities, Weirdness & Mutations

You cannot be hasted, slowed, berserked, paralysed or teleported.
You can dig through walls and to a lower floor.
You have a pair of large antennae on your head. (SInv)
Your four strong arms can wield two-handed weapons with a shield.
You have sharp toenails.
You have an increased reservoir of magic. (+10% MP)
Your spells are a little easier to cast, but a little less powerful.


Message History

You hear a bellow!
You hear a hideous shriek! x3; You hear a bellow!
You hear a hideous shriek!
You hear a roar!
You hear a screech!
You hear a bellow!
You hear a hideous shriek!
You hear a chilling moan.
The worldbinder hits you but does no damage.
The worldbinder misses you.
The worldbinder calls forth creatures from the Shoals!
You slash the worldbinder!
You claw the worldbinder, but do no damage.
The worldbinder is severely damaged.
The worldbinder hits you. x2
The worldbinder calls forth creatures from the Shoals!
Unknown command.
You barely miss the worldbinder.
You claw the worldbinder, but do no damage.
The worldbinder is severely damaged.
The worldbinder calls forth creatures from the Shoals!
The worldbinder hits you but does no damage.
The worldbinder hits you.
Your corrosive artefact corrodes you!
The manticore completely misses you. The manticore closely misses you.
The manticore barely misses you.
You hit the worldbinder.
You claw the worldbinder, but do no damage.
The worldbinder is almost destroyed.
The worldbinder barely misses you. The worldbinder closely misses you.
The manticore closely misses you. The manticore misses you.
The manticore claws you! The worldbinder misses you. x2
A spriggan defender simulacrum comes into view.
The snapping turtle bites you. The manticore misses you.
The manticore claws you. The manticore misses you.
You hit the worldbinder.
You claw the worldbinder, but do no damage.
The worldbinder is almost destroyed.
The worldbinder hits you!
* * * LOW HITPOINT WARNING * * *
The worldbinder hits you.
* * * LOW HITPOINT WARNING * * *
The worldbinder hits you.
* * * LOW HITPOINT WARNING * * *
The worldbinder hits you!
You die...

.#. #..# { #
.#. # #..
###. . .. # .
. #. # #.. #
#x###### #
#..#.@H...#
#Z...t.### .
.#.###X.#...#
# . #..#.###
#...# . ...
#.# . #.. #.
#. #.### . ##
#.. # # .. #.
# .# .


You could see a snapping turtle (summoned), a manticore (summoned), a large
abomination, a worldbinder and a spriggan defender simulacrum.

Vanquished Creatures
  Sigmund (D:4)
  2 steam dragons
  Menkaure (D:4)
  A black bear (D:6)
  2 orc warriors
  5 ogres
  2 wolves (D:8)
  4 kobold brigands
  A necrophage (D:3)
  A gnoll sergeant (D:7)
  5 scorpions (D:5)
  9 wights
  3 jellies
  A howler monkey (D:7)
  5 hounds
  6 orc priests
  A gnoll bouda (D:8)
  An orc wizard (D:5)
  Natasha (thrice) (D:4)
  2 iguanas (D:5)
  11 adders
  7 gnolls
  A shadow imp (D:7)
  4 worms
  3 dart slugs
  33 orcs
  10 endoplasms
  5 giant cockroaches
  6 goblins
  2 hobgoblins (D:2)
  10 jackals
  5 quokkas
  5 ball pythons
  14 bats
  2 frilled lizards
  26 kobolds
  4 rats
204 creatures vanquished.

Vanquished Creatures (others)
  Grum (D:8)
  8 fungi (D:5)
9 creatures vanquished.

Grand Total: 213 creatures vanquished

Notes
Turn   | Place    | Note
-------+----------+-------------------------------------------
     0 | D:1      | Arum the Formicid Venom Mage began the quest for the Orb.
     0 | D:1      | Reached XP level 1. HP: 13/13 MP: 3/3
   224 | D:1      | Reached XP level 2. HP: 11/19 MP: 0/5
   848 | D:1      | Reached XP level 3. HP: 24/24 MP: 1/7
   968 | D:1      | Reached skill level 3 in Spellcasting
  1319 | D:2      | Learned a level 3 spell: Mephitic Cloud
  1322 | D:2      | Learned a level 2 spell: Poisonous Vapours
  1382 | D:2      | Reached skill level 5 in Poison Magic
  1785 | D:2      | Reached XP level 4. HP: 30/30 MP: 1/8
  1962 | D:2      | Found a sparkling altar of Nemelex Xobeh.
  2096 | D:2      | Found a faded altar of an unknown god.
  2792 | D:2      | Reached XP level 5. HP: 7/35 MP: 2/10
  3118 | D:2      | Learned a level 4 spell: Olgreb's Toxic Radiance
  3434 | D:3      | Reached skill level 4 in Spellcasting
  4046 | D:3      | Reached skill level 1 in Conjurations
  4046 | D:3      | Reached XP level 6. HP: 19/41 MP: 10/12
  4384 | D:3      | Noticed an ogre
  4469 | D:3      | Killed an ogre
  4470 | D:3      | Reached skill level 5 in Spellcasting
  5210 | D:4      | Noticed Sigmund
  5232 | D:4      | Killed Sigmund
  5233 | D:4      | Reached XP level 7. HP: 15/46 MP: 1/15
  5413 | D:4      | Noticed Menkaure
  5899 | D:4      | Killed Menkaure
  5900 | D:4      | Reached skill level 6 in Spellcasting
  6078 | D:4      | Noticed Natasha
  6087 | D:4      | Killed Natasha
  6238 | D:4      | Found a staircase to the Ecumenical Temple.
  6247 | Temple   | Entered the Ecumenical Temple
  6254 | Temple   | Became a worshipper of Vehumet
  6346 | D:4      | Noticed Natasha
  6352 | D:4      | Killed Natasha
  6356 | D:4      | Reached XP level 8. HP: 32/52 MP: 1/17
  6612 | D:4      | Noticed Natasha
  6617 | D:4      | Killed Natasha
  7000 | D:5      | Entered Level 5 of the Dungeon
  7068 | D:5      | Gained mutation: You are clumsy. (Dex -2) [potion of
                  | mutation]
  7068 | D:5      | Gained mutation: Your muscles are strong. (Str +4, Int/Dex
                  | -1) [potion of mutation]
  7069 | D:5      | Lost mutation: Your muscles are strong. (Str +4, Int/Dex
                  | -1) [potion of mutation]
  7069 | D:5      | Lost mutation: You are clumsy. (Dex -2) [potion of
                  | mutation]
  7069 | D:5      | Gained mutation: You have sharp toenails. [potion of
                  | mutation]
  7069 | D:5      | Gained mutation: Your spells are a little easier to cast,
                  | but a little less powerful. [potion of mutation]
  7069 | D:5      | Gained mutation: You have an increased reservoir of magic.
                  | (+10% MP) [potion of mutation]
  7562 | D:5      | Identified the +2 ring mail "Ahusho Lume" {rElec rCorr
                  | Int-2}
  7585 | D:5      | Reached skill level 7 in Spellcasting
  7829 | D:5      | Found Ythyg's Assorted Antiques.
  7837 | D:5      | Bought a bloodstained robe for 176 gold pieces
  7837 | D:5      | Identified the +1 robe of Cocyash {*Corrode Drain rPois
                  | rN+++} (You bought it in a shop on level 5 of the Dungeon)
  8576 | D:5      | Reached XP level 9. HP: 33/57 MP: 10/23
  8819 | D:5      | Reached skill level 8 in Spellcasting
  8847 | D:5      | Reached * piety under Vehumet
  8847 | D:5      | Offered knowledge of Freeze by Vehumet.
  8850 | D:5      | Found the +7 Singing Sword {vorpal, sonic wave}
  9189 | D:6      | Identified the +1 ring mail of Free Expression {Will++}
  9217 | D:6      | Identified the +6 war axe "Isudd" {vorpal, rN+ Int-4
                  | Stlth+}
  9266 | D:6      | Reached skill level 9 in Spellcasting
  9266 | D:6      | Reached skill level 5 in Conjurations
  9490 | D:6      | Found a broken altar of Ashenzari.
  9567 | D:6      | Found the +2 hat of the Bear Spirit {Spirit, *Rage Will++}
 10269 | D:7      | Reached skill level 10 in Spellcasting
 10670 | D:7      | Found a glowing golden altar of the Shining One.
 11532 | D:8      | Reached XP level 10. HP: 63/63 MP: 22/26
 11537 | D:8      | Reached ** piety under Vehumet
 11537 | D:8      | Offered knowledge of Searing Ray by Vehumet.
 11716 | D:8      | Found an iron altar of Okawaru.
 11821 | D:8      | Learned a level 2 spell: Searing Ray
 12308 | D:8      | Noticed Grum
 12316 | D:8      | Noticed Psyche
 12318 | D:8      | Killed Grum
 12319 | D:8      | Reached skill level 11 in Spellcasting
 12324 | Abyss:1  | Cast into level 1 of the Abyss (Psyche)
 12400 | Abyss:1  | Noticed an orange demon
 12482 | Abyss:1  | Noticed a worldbinder
 12486 | Abyss:1  | Noticed a manticore
 12487 | Abyss:1  | Noticed a manticore
 12489 | Abyss:1  | Slain by a worldbinder

Illustrated notes

Levels and vault maps discovered:
D:1:      dpeg_arrival_shelter, layout_rooms
D:2:      layout_basic, basic_altar, chequers_ecumenical_altar_island,
          minmay_misc_feat_roman, kennysheep_generic_room_2
D:3:      layout_loops_ring
D:4:      layout_gridville, temple_green, uniq_menkaure, uniq_natasha,
          uniq_sigmund
D:5:      old_forge, layout_loops_corners, serial_shops, shop,
          roderic_roman_lattice
D:6:      layout_gridville, nicolae_ashenzari_panopticon,
          kennysheep_generic_room_8
D:7:      layout_layer_cave, nicolae_tso_carved_into_rock, serial_bayou_pond_d,
          nicolae_elevator_lobby_plus
D:8:      layout_layer_cave, lemuel_tele_altar, kennysheep_little_box,
          minmay_manual_macuahuitl, uniq_psyche, uniq_grum, uniq_pikel
Temple:   nicolae_temple_no_exploring_needed
Abyss:1:  base:
Temple

Skill      XL: |  1  2  3  4  5  6  7  8  9 10 |
---------------+-------------------------------+-----
Spellcasting   | 3 4 5 6 7 10 11 | 11.2
Poison Magic   | 5 6 7 8 |  8.0
Conjurations   | 1 2 4 5 6 |  6.6
Dodging        | |  1.7
Stealth        | |  2.4
Transmutations | |  1.1

Action                   |  1- 3 |  4- 6 |  7- 9 | 10-12 || total
-------------------------+-------+-------+-------+-------++-------
Melee: Unarmed           |     2 |       |       |       ||     2
       Dagger            |    11 |    58 |    62 |       ||   131
       Punch             |       |     1 |     1 |       ||     2
       Kick              |       |       |    24 |     7 ||    31
       Double sword      |       |       |    35 |    30 ||    65
Throw: Javelin           |       |     3 |     3 |       ||     6
 Cast: Sting             |    48 |    34 |     4 |       ||    86
       Poisonous Vapours |    10 |    67 |    77 |     7 ||   161
       Olgreb's Toxic Ra |       |     6 |    31 |    10 ||    47
       Mephitic Cloud    |       |       |     1 |       ||     1
 Abil: Dig               |       |     1 |       |     1 ||     2
  Use: Scroll            |       |     8 |     5 |       ||    13
       Potion            |       |       |     4 |       ||     4
 Stab: Confused          |       |       |     1 |       ||     1
Armor: Robe              |    12 |     8 |    16 |     6 ||    42
       Skin              |       |       |       |    18 ||    18
Dodge: Dodged            |    20 |    29 |    70 |    42 ||   161
